 Dungeon Crawl Stone Soup version 0.23-a0-844-gdc03e01 (webtiles) character file.

48 Amnesiac the Insei (level 3, 0/29 HPs)
             Began as a Mummy Monk on Jan 26, 2019.
             Slain by an adder (1 damage)
             ... on level 2 of the Dungeon.
             The game lasted 00:01:48 (1140 turns).

Amnesiac the Insei (Mummy Monk)                     Turns: 1140, Time: 00:01:49

Health: 0/29       AC:  0    Str: 14    XL:     3   Next: 50%
Magic:  3/3        EV: 10    Int:  9    God:
Gold:   96         SH: 12    Dex: 15    Spells: 2/2 levels left

rFire    x . .     SeeInvis .     - Unarmed
rCold    + . .     Gourm    .   e - +0 shield
rNeg     + + +     Faith    .   (no armour)
rPois    ∞         Spirit   .   (no helmet)
rElec    .         Reflect  +   (no cloak)
rCorr    .         Harm     .   (no gloves)
MR       .....                  (no boots)
Stlth    ++........             c - +5 amulet of reflection
HPRegen  0.09/turn              (no ring)
MPRegen  0.08/turn              (no ring)

@: no status effects
A: no food or potions, fire vulnerability, cold resistance 1, negative energy
resistance 3, torment resistance, unbreathing
a: no special abilities


You were on level 2 of the Dungeon.
You were not hungry.

You visited 1 branch of the dungeon, and saw 2 of its levels.

You collected 96 gold pieces.

Inventory:

Armour
 e - a +0 shield (worn)
Jewellery
 c - a +5 amulet of reflection (around neck)
Scrolls
 a - a scroll of amnesia {!r, unknown}
 b - a scroll of immolation {!r, unknown}
 d - 2 scrolls of remove curse {!r, unknown}
 f - a scroll of identify {!r, unknown}


   Skills:
 - Level 3.0 Fighting
 - Level 2.8 Dodging
 - Level 1.5 Stealth
 + Level 0.3 Shields
 * Level 3.4 Unarmed Combat


You had 2 spell levels left.
You didn't know any spells.
Your spell library was empty.

Dungeon Overview and Level Annotations

Branches:
Dungeon (2/15)

Altars:


Innate Abilities, Weirdness & Mutations

You do not eat or drink.
Your flesh is vulnerable to fire.
You are immune to poison.
Your flesh is cold resistant. (rC+)
You are immune to negative energy. (rN+++)
You are immune to unholy pain and torment.
You can survive without breathing.


Message History

HP restored.
Things that are here:
a +0 dagger; a goblin corpse
f - a scroll labeled HEOR ODAYLAR {!r} A giant cockroach comes into view.
A giant cockroach is nearby!
A giant cockroach is nearby!
The helpless giant cockroach fails to defend itself.
You hit the giant cockroach.
You kill the giant cockroach!
No target in view!
No target in view!
No target in view!
No target in view!
No target in view!
No target in view!
No target in view!
No target in view!
No target in view!
No target in view!
No target in view!
Found an escape hatch in the ceiling.
You now have 96 gold pieces (gained 11).
Found a stone staircase leading down.
A leopard gecko comes into view.
A leopard gecko is nearby! 2 adders and a rat come into view.
The leopard gecko hisses angrily.
The adder hisses angrily. x2
You block the leopard gecko's attack. x2
You miss the leopard gecko. You block the leopard gecko's attack.
You block the adder's attack.
You hit the adder.
The adder is moderately wounded.
A hobgoblin comes into view.
You block the leopard gecko's attack. The adder bites you. x2
You completely miss the adder.
The adder is moderately wounded.
The hobgoblin shouts!
The adder bites you. You block the leopard gecko's attack. The adder bites you.
You block the rat's attack. The adder bites you.
* * * LOW HITPOINT WARNING * * *
The leopard gecko bites you.
* * * LOW HITPOINT WARNING * * *
The adder bites you.
* * * LOW HITPOINT WARNING * * *
You hit the adder.
The adder is heavily wounded.
The rat bites you.
* * * LOW HITPOINT WARNING * * *
The adder bites you.
* * * LOW HITPOINT WARNING * * *
You block the adder's attack. You block the leopard gecko's attack.
A giant cockroach comes into view.
You are too injured to fight recklessly!
You are too injured to fight recklessly!
You are too injured to fight recklessly!
You are too injured to fight recklessly!
The rat bites you.
* * * LOW HITPOINT WARNING * * *
The rat bites you.
* * * LOW HITPOINT WARNING * * *
You block the adder's attack. You block the leopard gecko's attack.
The adder bites you.
You die...

.# #.# #<# .# #.# .# #.#
.# #.# .# #########.# .#
..........########.#
................@..#
#######.......###Sr#
#######.......#..S.######
...................>.....
#######.......#....s#####
#.......#......#
#.......#......#
#########.........
#.......#.


You could see 2 adders, a giant cockroach and a rat.

Vanquished Creatures
  2 adders (D:2)
  A worm (D:2)
  A dart slug (D:1)
  A giant cockroach (D:2)
  4 hobgoblins (D:1)
  3 jackals (D:1)
  4 bats (D:1)
  2 goblins
  2 kobolds (D:1)
  6 rats
26 creatures vanquished.

Notes
Turn   | Place    | Note
-------+----------+-------------------------------------------
     0 | D:1      | Amnesiac the Mummy Monk began the quest for the Orb.
     0 | D:1      | Reached XP level 1. HP: 18/18 MP: 1/1
   334 | D:1      | Reached XP level 2. HP: 21/24 MP: 2/2
   969 | D:2      | Reached XP level 3. HP: 27/29 MP: 3/3
  1138 | D:2      | HP: 1/29 [rat (2)]
  1140 | D:2      | Slain by an adder

Vault maps used:
D:1:      evilmike_arrival_crescent
D:2:      chequers_decorated_corner

Skill      XL: |  1  2 |
---------------+-------+-----
Unarmed Combat | 3 |  3.4
Fighting       | |  3.0
Dodging        | |  2.8
Stealth        | |  1.5
Shields        | |  0.3

Action                   || total
-------------------------++-------
Melee: Unarmed           ||   105
       Punch             ||     1
 Stab: Sleeping          ||     4
Armor: Robe              ||     9
Dodge: Dodged            ||    75
Block: Other             ||    13
       Shield            ||    15

Table legend:
 A = Non-vault XP
 B = Vault XP
 C = Vault XP percentage of total XP
 D = Non-vault monster count
 E = Vault monster count
 F = Vault count percentage of total count
                 A         B        C        D         E       F
            +---------+---------+-------+---------+---------+-------
      Total |      69 |       0 |   0.0 |      26 |       0 |   0.0
            +---------+---------+-------+---------+---------+-------
        D:1 |      33 |       0 |   0.0 |      20 |       0 |   0.0
        D:2 |      36 |       0 |   0.0 |       6 |       0 |   0.0
            +---------+---------+-------+---------+---------+-------
